AoeStats
← bgamerms

Migration

509343489Analyzed
1v1 RM · 6d ago on Sep 26, 2026· 46m 7s· 2 players
Game mode
Random Map
Map size
132×132
Population
200
Speed
Normal
Resources
Standard
Victory
Conquest
Starting age
Dark Age
Ending age
Imperial Age
RankedLock teamsTeams togetherTeam positionsShared explorationLock speedFull tech treeHidden civsTurbo modeCheats
Victory
Defeat
🇳🇱 Spanish · Netherlands
577
+14
🇵🇹 Poles · Portugal
537
-14
ageofkings
0:56 Loom
11:34 Feudal Age
14:25 Wheelbarrow
13:36 Town Watch
16:50 Fishing Lines
17:27 Gold Mining
17:30 Stone Mining
17:39 Double-Bit Axe
20:40 Horse Collar
24:29 Castle Age
23:46 Forging
23:39 Scale Mail Armor
25:48 Bloodlines
25:39 Husbandry
25:51 Scale Barding Armor
28:43 Hand Cart
29:51 Gillnets
32:35 Szlachta Privileges
38:36 Imperial Age
44:01 Medium Warships
43:13 Demolition Ship
44:07 Clinker Construction
45:00 Chemistry
44:22 Ballistics
44:15 Careening
45:24 Bow Saw
45:19 Heavy Plow
46:28 Heavy Warships
bgamerms
9:28 Loom
11:37 Feudal Age
12:58 Wheelbarrow
12:11 Double-Bit Axe
12:16 Horse Collar
12:39 Town Watch
12:47 Fishing Lines
15:15 Gold Mining
17:55 Bloodlines
22:04 Castle Age
22:24 Stone Mining
22:56 Forging
22:52 Scale Barding Armor
23:05 Hand Cart
23:05 Bow Saw
22:58 Heavy Plow
23:16 Gillnets
24:19 Husbandry
24:52 Town Patrol
25:18 Chain Barding Armor
25:34 Iron Casting
29:25 Gambesons
35:32 Imperial Age
34:20 Ballistics
33:55 Light Cavalry
35:34 Fervor
35:21 Murder Holes
35:37 Careening
35:37 Clinker Construction
35:33 Siphons
36:17 Medium Warships
36:51 Conscription
36:08 Cavalier
38:03 Chemistry
37:27 Dry Dock
37:25 Squires
37:11 Arson
36:48 Man-at-Arms
39:24 Heavy Warships
40:05 Blast Furnace
39:05 Scale Mail Armor
39:41 Plate Barding Armor
39:56 Elite Conquistador
42:38 Elite Cannon Galleon
45:37 Bombard Tower
Connection lost

Rejoining the realm…

Still unreachable

The connection could not be restored.

Session expired

The server has moved on; the page needs a fresh start.